 Dungeon Crawl Stone Soup version 0.31-a0-472-g43a2ca8e1b (webtiles) character file.

Game seed: 14879362262568026689

8 Ethylacetat the Changeling (level 2, 0/18 HPs)
             Began as an Octopode Shapeshifter on Aug 6, 2023.
             Slain by a quokka (3 damage)
             ... on level 1 of the Dungeon.
             The game lasted 00:00:12 (198 turns).

Ethylacetat the Changeling (Octopode Shapeshifter)   Turns: 198, Time: 00:00:13

Health: 0/18       AC:  1    Str: 14    XL:     2   Next: 8%
Magic:  2/2        EV: 13    Int: 10    God:
Gold:   17         SH:  0    Dex: 12    Spells: 1/1 levels left

rFire   . .          .
                       - Unarmed
rCold   . . .        (no shield)
rNeg    . . .        (helmet currently unavailable)
rPois   .            (no amulet)
rElec   .            (no ring)
rCorr   .            (no ring)
SInv    .            (no ring)
Will    .....        (no ring)
Stlth   ++           (no ring)
HPRegen 0.23/turn    (no ring)
MPRegen 0.08/turn    (no ring)
                     (no ring)

%: no passive effects
@: beast-form
A: beast (slay +2), almost no armour, amphibious, 8 rings, camouflage 1,
gelatinous body 1, (nimble swimmer 1), tentacles
a: Begin Untransformation


You were on level 1 of the Dungeon.
You were a hulking beast.
You visited 1 branch of the dungeon, and saw 1 of its levels.

You collected 17 gold pieces.

Inventory:

Talismans
 b - a beast talisman (active)
Potions
 a - a potion of lignification
 c - a potion of might {unknown}


   Skills:
 + Level 1.3 Fighting
 - Level 2.0 Dodging
 + Level 3.1 Unarmed Combat
 * Level 3.2 Shapeshifting


You had one spell level left.
You didn't know any spells.
Your spell library was empty.

Dungeon Overview and Level Annotations

Branches:
Dungeon (1/15)

Altars:


Innate Abilities, Weirdness & Mutations

You are a hulking beast.
Your limbs bulge with bestial killing power. (Slay +2)
You cannot wear most types of armour.
You are amphibious.
You can wear up to eight rings at the same time.
Your skin changes colour to match your surroundings (Stealth+).
Your rubbery body absorbs attacks. (AC +1, EV +1)
((You are camouflaged when in or above water. (Stealth+)))
You have tentacles for arms and can constrict up to eight enemies at once.


Message History

There are monsters nearby!
You barely miss the bat. Your grab misses the bat. Your squeeze misses the bat.
The bat closely misses you.
There are monsters nearby!
You tentacle-slap the bat.
You kill the bat!
You have reached level 2!
A quokka comes into view.
You tentacle-slap the endoplasm but do no damage.
You squeeze the endoplasm.
You kill the endoplasm!
The hobgoblin shouts!
An endoplasm comes into view.
The endoplasm quivers.
The quokka completely misses you.
You closely miss the quokka. Your grab misses the quokka.
The hobgoblin barely misses you. The quokka bites you.
A kobold comes into view. It is wielding a +0 short sword.
You tentacle-slap the quokka. Your grab misses the quokka.
The quokka is heavily wounded.
The quokka misses you. The hobgoblin closely misses you.
You barely miss the quokka. Your grab misses the quokka.
The quokka is heavily wounded.
The quokka misses you. The hobgoblin hits you.
You tentacle-slap the quokka but do no damage.
Your grab misses the quokka.
The quokka is heavily wounded.
The quokka closely misses you.
You miss the quokka. Your grab misses the quokka.
The quokka is heavily wounded.
The hobgoblin hits you. The quokka bites you.
You are too injured to fight recklessly!
You are too injured to fight recklessly!
You are too injured to fight recklessly!
The quokka attacks as you move away! The quokka closely misses you.
The quokka bites you.
* * * LOW HITPOINT WARNING * * *
The hobgoblin attacks as you move away! The hobgoblin barely misses you.
The quokka attacks as you move away! The quokka bites you.
You die...

.........# #.##.#
.........# #.##.#
.........# #.##.#
....?....#########.#
.........##........#
.......$.##........#
...................##.#
........g..........##.#
.......Jrh.[.......##.#
.............#####.##.#
.....K....#'## #.##.#
..........#.# #.##.#
...########.######.##.#
... #.........##.# ..
#..###.......# #..#
#.####### #..# #.#


You could see an endoplasm, a quokka, a hobgoblin and a kobold.

Vanquished Creatures
  A ball python (D:1)
  3 endoplasms (D:1)
  2 bats (D:1)
  A rat (D:1)
7 creatures vanquished.

Notes
Turn   | Place    | Note
-------+----------+-------------------------------------------
     0 | D:1      | Ethylacetat the Octopode Shapeshifter began the quest for
                  | the Orb.
     0 | D:1      | Reached XP level 1. HP: 13/13 MP: 1/1
   187 | D:1      | Reached XP level 2. HP: 18/18 MP: 2/2
   198 | D:1      | Slain by a quokka

Illustrated notes

Levels and vault maps discovered:
D:1:      amcnicky_arrival_choice, layout_basic, kennysheep_doodads,
          minmay_quantized

Action                     || total
---------------------------++-------
  Melee: Unarmed           ||    14
         Tentacles         ||     3
         Constrict         ||     1
   Stab: Sleeping          ||     1
 Armour: Skin              ||     2
  Dodge: Dodged            ||    15

Table legend: (Time is in decaauts)
 A = Elapsed time spent in this place.
 B = Non-inter-level travel time spent in this place.
 C = Inter-level travel time spent in this place.
 D = Time resting spent in this place.
 E = Time spent auto-exploring this place.
 F = Levels seen in this place.
 G = Mean time per level.
                   A        B        C        D        E       F      G
               +--------+--------+--------+--------+--------+-----+--------+
         Total |    196 |    196 |      0 |      0 |    156 |   1 |  196.0 |
       Dungeon |    196 |    196 |      0 |      0 |    156 |   1 |  196.0 |
               +--------+--------+--------+--------+--------+-----+--------+

Top non-repeatable levels by time:
     D:1: 196 daAuts
